 Dungeon Crawl Stone Soup version 0.30-b1-2-g02819fbbbe (webtiles) character file.

Game seed: 16731778777938916405

1449 raph the Summoner (level 8, -2/57 HPs)
             Began as a Merfolk Summoner on Oct 31, 2023.
             Was an Initiate of Gozag.
             Slain by an ice beast (13 damage)
             ... on level 7 of the Dungeon.
             The game lasted 00:14:21 (8078 turns).

raph the Summoner (Merfolk Summoner)                Turns: 8078, Time: 00:14:22

Health: -2/57      AC:  4    Str:  9    XL:     8   Next: 75%
Magic:  6/14       EV: 13    Int: 16    God:    Gozag
Gold:   214        SH:  5    Dex: 14    Spells: 7/16 levels left

rFire   . . .        j - +5 woodcutter's axe
rCold   . . .        (shield currently unavailable)
rNeg    . . .        a - +0 robe
rPois   .            v - +0 helmet
rElec   .            t - +0 cloak
rCorr   .            (no gloves)
SInv    +            (no boots)
Will    .....        e - amulet of reflection
Stlth   ++           p - ring of see invisible
HPRegen 0.29/turn    (no ring)
MPRegen 0.14/turn

%: reflection
@: no status effects
A: (nimble swimmer 2), mertail
a: Renounce Religion, Potion Petition, Call Merchant, Bribe Branch


You were on level 7 of the Dungeon.
You worshipped Gozag.
Gozag was aware of your devotion.
You visited 2 branches of the dungeon, and saw 8 of its levels.
You also visited: Ossuary.

You collected 297 gold pieces.
You paid 83 gold pieces to Gozag.

Inventory:

Hand Weapons
 d - a +0 spear
 j - the +5 woodcutter's axe (weapon)
   (You found it on level 2 of the Dungeon)
 r - the +1 hand axe of Jaituodo {elec, SInv}
   (You found it on level 5 of the Dungeon)

   SInv:      It lets you see invisible.
Missiles
 c - 19 poisoned darts
 m - 5 javelins
 w - a curare-tipped dart
 C - 4 silver javelins
Armour
 a - a +0 robe (worn)
 o - a scarf of invisibility
 t - a +0 cloak (worn)
 v - a +0 helmet (worn)
Jewellery
 e - an amulet of reflection (around neck)
 p - a ring of see invisible (left hand)
Wands
 z - a wand of iceblast (16)
 A - a wand of paralysis (23)
Scrolls
 f - 6 scrolls of teleportation
 x - a scroll of amnesia
 y - a scroll of fear
Potions
 b - a potion of magic
 g - a potion of resistance {unknown}
 h - a potion of haste
 i - a potion of might
 k - 3 potions of brilliance
 l - a potion of heal wounds {unknown}
 n - a potion of lignification {unknown}
 q - a potion of cancellation {unknown}
 s - 3 potions of attraction {unknown}
 u - 3 potions of curing
 B - 2 potions of flight {unknown}


   Skills:
 + Level 2.9 Fighting
 + Level 4.6 Dodging
 - Level 2.1 Stealth
 + Level 4.5 Spellcasting
 + Level 3.7 Hexes
 * Level 8.6 Summonings


You had 7 spell levels left.
You knew the following spells:

 Your Spells              Type           Power      Damage    Failure   Level
a - Summon Small Mammal   Summ           100%       N/A       1%          1
b - Call Imp              Summ           62%        N/A       1%          2
c - Call Canine Familiar  Summ           31%        N/A       1%          3
d - Summon Guardian Gole  Hex/Summ       23%        N/A       3%          3

Your spell library contained the following spells:

 Spells                   Type           Power      Damage    Failure   Level
 Blink                    Tloc           6%         N/A       24%         2
 Lesser Beckoning         Tloc           6%         N/A       24%         2
 Summon Lightning Spire   Summ/Air       17%        N/A       26%         4
 Gell's Gravitas          Tloc           3%         N/A       43%         3
 Teleport Other           Tloc           3%         N/A       43%         3
 Manifold Assault         Tloc           3%         N/A       85%         4
 Storm Form               Tmut/Air       1%         N/A       100%        7


Dungeon Overview and Level Annotations

Branches:
Dungeon (7/15)             Temple (1/1) D:6         Ossuary (visited)

Altars:
Ashenzari
Dithmenos
Elyvilon
Fedhas
Gozag
Hepliaklqana
Kikubaaqudgha
Makhleb
Nemelex Xobeh
Qazlal
Ru
Sif Muna
Trog
Vehumet
Wu Jian
Xom
Yredelemnul
Zin
The Shining One

Shops:
D:1 :   D:2 :


Innate Abilities, Weirdness & Mutations

((You are very nimble when in or above water. (Stealth+, EV+, Speed+++)))
Your lower body shifts to a powerful aquatic tail in water.


Message History

Something hits your hound.
Your bat hits the ice beast but does no damage.
Your bat hits the ice beast but does no damage.
There is a stone staircase leading up here.
You climb upwards.
There is a stone staircase leading down here.
You start resting.
Magic restored.
You start resting.
HP restored.
You start waiting.
Done waiting.
You climb downwards.
The ice beast hits you. The ice beast freezes you!
There is a stone staircase leading up here.
Casting: Summon Small Mammal (safe; 1% risk of failure)
Confirm with . or Enter, or press ? or * to list all spells.
A tiny devil pulls itself out of the air.
The ice beast hits you. The ice beast freezes you!
Casting: Call Imp (safe; 1% risk of failure)
Confirm with . or Enter, or press ? or * to list all spells.
The ice beast hits you. The ice beast freezes you!
Your cerulean imp barely misses the ice beast.
Casting: Call Canine Familiar (safe; 1% risk of failure)
Confirm with . or Enter, or press ? or * to list all spells.
A guardian golem appears, shielding your allies.
Your hound bites the ice beast but does no damage.
The ice beast closely misses you.
Your cerulean imp barely misses the ice beast.
You hit the ice beast but do no damage.
Your hound bites the ice beast but does no damage.
You block the ice beast's attack.
The gnoll sergeant hits you from afar with a +0 spear!
* * * LOW HITPOINT WARNING * * *
Your hound bites the ice beast.
Your cerulean imp hits the ice beast but does no damage.
The ice beast attacks as you move away! The ice beast hits you.
* * * LOW HITPOINT WARNING * * *
The ice beast freezes you!
You die...
Your body crumbles into a pile of gold.

#...r#########
#####....#........
.............#####
.......#####.....##
##.....g.#...##..>## #.
###..#............##...
####..##>.....g........#
.................9h....#
#############...@Y.....#
#(#.#...#.#.#...5......#
..#...#...#...#...##...#
#...#.#.#...#.##### ..#
#...#.#.#...#.# .#
..#...#...#...#
#.#.#...#.#.###
#############


You could see an ice beast (ally target), a gnoll sergeant, a friendly guardian
golem (summoned), a friendly hound (summoned, sheltered) and a friendly cerulean
imp (summoned, sheltered).

Vanquished Creatures
  A kobold brigand (D:6)
  A bullfrog (D:5)
  A scorpion (D:6)
  A howler monkey (D:6)
  A centaur zombie (Ossuary)
  3 hounds
  Crazy Yiuf (D:3)
  An iguana (D:5)
  A scorpion zombie (Ossuary)
  2 gnolls
  4 adders
  A white imp (D:6)
  4 worms
  6 dart slugs
  5 orcs
  4 ball pythons
  3 bats
  5 endoplasms
  2 giant cockroaches
  3 goblins
  8 hobgoblins
  3 kobolds
  A frilled lizard (D:3)
  A gnoll zombie (Ossuary)
  2 goblin zombies (Ossuary)
  A hobgoblin zombie (Ossuary)
  An orc zombie (Ossuary)
  3 rats
70 creatures vanquished.

Vanquished Creatures (collateral kills)
  A water moccasin zombie (Ossuary)
  A bullfrog zombie (Ossuary)
  2 centaur zombies (Ossuary)
  2 iguanas
  2 orc wizards (D:5)
  A scorpion zombie (Ossuary)
  A sleepcap (D:5)
  An ogre zombie (Ossuary)
  A mummy (Ossuary)
  6 gnolls
  3 adders
  2 shadow imps
  An adder zombie (Ossuary)
  A dart slug (D:1)
  3 orcs
  6 endoplasms
  3 giant cockroaches
  4 gnoll zombies (Ossuary)
  3 goblins
  3 hobgoblins
  A quokka (D:5)
  4 ball pythons
  3 bats
  A frilled lizard (D:2)
  2 goblin zombies (Ossuary)
  4 hobgoblin zombies (Ossuary)
  4 kobolds (D:6)
  3 orc zombies (Ossuary)
69 creatures vanquished.

Vanquished Creatures (others)
  3 black bears
  An ogre (D:4)
  2 gnolls (D:6)
  An adder (D:6)
  An orc (D:5)
8 creatures vanquished.

Grand Total: 147 creatures vanquished

Notes
Turn   | Place    | Note
-------+----------+-------------------------------------------
     0 | D:1      | raph the Merfolk Summoner began the quest for the Orb.
     0 | D:1      | Reached XP level 1. HP: 13/13 MP: 3/3
    92 | D:1      | Found Mudemel's Vocational Training.
   187 | D:1      | Found a faded altar of an unknown god.
   231 | D:1      | Reached XP level 2. HP: 19/19 MP: 1/5
   325 | D:1      | Learned a level 2 spell: Call Imp
   507 | D:1      | Reached XP level 3. HP: 20/24 MP: 6/6
   511 | D:1      | Learned a level 3 spell: Call Canine Familiar
   918 | D:1      | Reached skill level 5 in Summonings
  1282 | D:2      | Reached XP level 4. HP: 13/30 MP: 3/7
  1519 | D:2      | Found Boujoi Sete's Book Boutique.
  1523 | D:2      | Found the +5 woodcutter's axe
  2323 | D:3      | Reached skill level 6 in Summonings
  2325 | D:3      | Reached XP level 5. HP: 27/35 MP: 1/8
  2759 | D:3      | Found a runed translucent door.
  2760 | D:3      | Noticed Crazy Yiuf
  2810 | D:3      | Killed Crazy Yiuf
  3350 | D:4      | Found a hazy altar of Hepliaklqana.
  3500 | D:4      | Found a sand-covered staircase.
  3551 | Ossuary  | Entered an ossuary
  4089 | Ossuary  | Reached XP level 6. HP: 41/41 MP: 3/10
  4148 | Ossuary  | Learned a level 3 spell: Summon Guardian Golem
  4186 | Ossuary  | Reached skill level 7 in Summonings
  4187 | Ossuary  | Reached skill level 1 in Hexes
  4281 | Ossuary  | Reached XP level 7. HP: 43/46 MP: 3/12
  4367 | Ossuary  | Noticed a silent spectre
  5092 | D:5      | Entered Level 5 of the Dungeon
  5110 | D:5      | HP: 2/47 [orc wizard/magic dart (9)]
  5126 | D:5      | Reached skill level 1 in Fighting
  5659 | D:5      | Reached XP level 8. HP: 54/54 MP: 7/13
  5724 | D:5      | Found a burning altar of Makhleb.
  5735 | D:5      | Found a basalt altar of Yredelemnul.
  5757 | D:5      | Identified the +1 hand axe of Jaituodo {elec, SInv}
  6009 | D:5      | Reached skill level 8 in Summonings
  7050 | D:6      | Found a staircase to the Ecumenical Temple.
  7062 | Temple   | Entered the Ecumenical Temple
  7456 | Temple   | Became a worshipper of Gozag Ym Sagoz the Greedy
  8078 | D:7      | Slain by an ice beast

Illustrated notes

Levels and vault maps discovered:
D:1:      dpeg_arrival_chambers_temple_mockup, layout_basic,
          ebering_ecumenical_altar_rust, fountainhead, st_stairs_6,
          nicolae_shop_vocational
D:2:      layout_loops_ring, serial_shops, nicolae_square_shop, serial_rivers,
          chequers_serial_rivers_large_b, chequers_serial_rivers_micro_e,
          chequers_serial_rivers_large_a, chequers_serial_rivers_micro_e,
          chequers_serial_rivers_micro_d, chequers_serial_rivers_room_b,
          minivault_26
D:3:      layout_basic, nicolae_eternal_life, minmay_diced_spiral,
          uniq_crazy_yiuf_cottage
D:4:      layout_cave_pools, mainiacjoe_overflow_brackets, enter_ossuary_5
D:5:      layout_rooms, amethyst_overflow_temple_binary
D:6:      layout_gridville, minmay_temple_entry_hall, serial_bayou_pond_d
D:7:      layout_rooms, marbit_many_paths, minmay_misc_feat_alley
Temple:   minmay_temple_bridge_d

Skill      XL: |  1  2  3  4  5  6  7  8 |
---------------+-------------------------+-----
Summonings     | 5 6 7 8 |  8.6
Spellcasting   | 3 4 |  4.5
Hexes          | 1 2 3 |  3.7
Dodging        | 3 4 |  4.6
Fighting       | 1 2 |  2.9
Stealth        | |  2.1

Action                     |  1- 3 |  4- 6 |  7- 9 || total
---------------------------+-------+-------+-------++-------
  Melee: Unarmed           |    11 |       |       ||    11
         Spear             |    78 |    22 |       ||   100
         Punch             |     1 |       |       ||     1
         Battleaxe         |       |    77 |    70 ||   147
  Throw: Javelin           |       |     1 |       ||     1
   Cast: Summon Small Mamm |    11 |    20 |    29 ||    60
         Call Imp          |     7 |    16 |    23 ||    46
         Call Canine Famil |     4 |    13 |    21 ||    38
         Summon Guardian G |       |     2 |    12 ||    14
    Use: Scroll            |     4 |     3 |     8 ||    15
         Potion            |       |       |     5 ||     5
   Stab: Distracted        |     2 |     2 |     1 ||     5
         Sleeping          |     1 |     4 |     3 ||     8
 Armour: Robe              |    12 |    12 |    18 ||    42
  Dodge: Dodged            |    58 |    49 |    49 ||   156
  Block: Other             |       |    12 |    20 ||    32
         Reflection        |       |     1 |     5 ||     6
